Map: Orbital Shipyard

Players

MRPOOPYBUTT - Winner!

  • Race: Terran Terran

LilDicky

  • Race: Terran Terran
  • League: Diamond

VOD

http://www.twitch.tv/tumescentpie

Description

Time

  • Played on: Dec. 8, 2015, 9:33 a.m.
  • Length: 7:25
Show
View Real Time Build Order
Export as new Build Order

MRPOOPYBUTT Terran - Winner!

Build Orders: Mech 

Get SALT Encoding   

  12  0:06  SCV  
  13  0:18  SCV  
  14  0:23  Supply Depot  
  14  0:30  SCV  
  15  0:42  Refinery  
  15  0:44  SCV  
  15  0:48  Barracks  
  16  0:56  SCV  
  17  1:05  Refinery  
  17  1:08  SCV  
  18  1:21  SCV  
  19  1:33  SCV  
  19  1:35  Marine  
  19  1:39  Factory  
  21  1:45  SCV  
  22  1:57  Orbital Command  
  22  1:58  Supply Depot  
  22  1:59  Marine  
  23  2:23  SCV  
  23  2:26  Barracks Reactor  
  23  2:29  Factory Tech Lab  
  24  2:31  Starport  
  24  2:35  SCV  
  25  2:47  SCV  
  27  3:02  SCV  
  26  3:06  Marine x2  
  26  3:11  Supply Depot  
  28  3:13  Widow Mine  
  28  3:14  SCV  
  30  3:28  SCV  
  30  3:32  Marine  
  34  3:36  Command Center  
  34  3:39  Raven  
  34  3:40  SCV  
  35  3:52  SCV  
  36  4:04  SCV  
  36  4:08  Marine x2  
  39  4:24  Supply Depot  
  39  4:40  Supply Depot  
  39  4:45  SCV, Marine  
  41  4:49  Siege Tank  
  41  4:51  Orbital Command  
  44  4:54  Refinery  
  44  4:57  SCV  
  45  5:04  Refinery  
  45  5:05  Marine x2  
  45  5:06  Medivac  
  49  5:09  SCV  
  50  5:17  SCV  
  51  5:21  SCV  
  51  5:23  Siege Tank  
  51  5:24  Marine  
  51  5:25  Marine  
  57  5:29  SCV  
  57  5:34  SCV  
  57  5:35  Factory  
  59  5:37  Factory  
  59  5:41  SCV  
  60  5:45  Command Center  
  60  5:46  SCV  
  60  5:48  Viking  
  60  5:49  Marine x2  
  65  5:53  SCV  
  66  5:57  Supply Depot  
  66  5:58  SCV  
  66  6:03  Siege Tank  
  70  6:18  Viking  
  70  6:19  SCV x2  
  70  6:22  Supply Depot, Widow Mine  
  75  6:29  Hellion  
  75  6:31  SCV  
  78  6:36  Supply Depot  
  78  6:37  Supply Depot  
  78  6:57  SCV x2, Hellion  
  74  7:09  SCV x2  
  73  7:16  Refinery  
  73  7:19  Factory Tech Lab  
Show
View Real Time Build Order
Export as new Build Order

LilDicky Terran 

Build Orders: Reaper Expand 

Get SALT Encoding   

  12  0:01  SCV  
  13  0:13  SCV  
  14  0:18  Supply Depot  
  14  0:25  SCV  
  15  0:39  Refinery  
  15  0:40  SCV  
  16  0:44  Barracks  
  16  0:52  SCV  
  17  1:04  SCV  
  18  1:16  SCV  
  19  1:31  Reaper  
  20  1:33  Supply Depot, Orbital Command  
  20  1:51  Command Center  
  20  2:04  Refinery  
  20  2:08  Marine  
  20  2:13  SCV  
  22  2:25  SCV  
  23  2:31  Marine  
  23  2:35  Factory  
  23  2:36  Supply Depot  
  24  2:55  Marine  
  25  3:07  Engineering Bay  
  25  3:08  SCV  
  25  3:09  Orbital Command  
  26  3:13  Marine  
  27  3:32  Marine  
  28  3:36  Factory Tech Lab  
  28  3:37  SCV, Starport  
  28  3:41  Missile Turret  
  28  3:43  SCV, Missile Turret  
  28  3:48  Missile Turret  
  29  3:49  SCV  
  29  3:54  Marine  
  29  3:55  SCV  
  32  3:56  Siege Tank  
  32  4:01  SCV  
  36  4:07  SCV  
  37  4:13  SCV, Marine  
  37  4:15  Viking  
  41  4:19  SCV  
  42  4:30  Supply Depot  
  42  4:32  Marine  
  42  4:35  Siege Tank  
  42  4:36  SCV  
  42  4:38  SCV  
  48  4:45  Viking  
  50  4:49  SCV  
  50  4:50  SCV, Marine  
  53  4:55  Supply Depot  
  53  5:01  SCV, Supply Depot  
  54  5:07  Siege Tank  
  54  5:08  SCV, Marine  
  54  5:13  SCV  
  60  5:17  Command Center  
  60  5:19  Viking  
  60  5:20  SCV  
  63  5:25  Supply Depot, SCV  
  63  5:26  Marine  
  65  5:38  SCV x2  
  67  5:43  Siege Tank  
  67  5:44  Marine  
  71  5:50  SCV  
  71  5:52  Viking  
  71  5:53  Missile Turret  
  74  6:00  SCV  
  74  6:01  Marine  
  74  6:25  Missile Turret x2  
Tags
 
Add a new tag
Caveats
  • Supply blocks, unpowered buildings, or Contaminate may cause inaccurate times.
  • Supply counts are checked every 10 seconds.